 Dungeon Crawl Stone Soup version 0.18.1-50-g88ac8fd (webtiles) character file.

4044 HolyRage the Grappler (level 10, -11/110 HPs)
             Began as a Troll Monk on Sept 18, 2016.
             Was an Elder of Okawaru.
             Mangled by a troll (19 damage)
             ... on level 8 of the Dungeon.
             The game lasted 00:31:32 (6147 turns).

HolyRage the Grappler (Troll Monk)                  Turns: 6147, Time: 00:31:33

Health: -11/110    AC:  7    Str: 21      XL:     10   Next: 4%
Magic:  7/9        EV: 14    Int:  6      God:    Okawaru [****..]
Gold:   372        SH:  0    Dex: 14 (15) Spells: 0 memorised, 9 levels left

rFire  . . .     SeeInvis .       - Unarmed
rCold  . . .     Gourm    +     a - +0 robe
rNeg   . . .     Faith    .     (no shield)
rPois  .         Spirit   .     D - +2 hat
rElec  .         Dismiss  .     (no cloak)
rCorr  .         Reflect  .     (gloves unavailable)
SustAt .         Harm     .     (boots unavailable)
MR     .....                    (no amulet)
Stlth  ++........               (no ring)
                                (no ring)

@: heroism, not resistant to hostile enchantments, unstealthy
A: unfitting armour, claws 3, fast metabolism 3, gourmand, regeneration 2,
shaggy fur 1, tough skin 2
a: Heroism, Renounce Religion


You were on level 8 of the Dungeon.
You worshipped Okawaru.
Okawaru was greatly pleased with you.
You were very full.

You visited 2 branches of the dungeon, and saw 9 of its levels.
You also visited: Sewer.

You collected 438 gold pieces.
You spent 66 gold pieces at shops.

Inventory:

Hand Weapons
 w - a +0 giant club
 E - a +0 morningstar
 G - a +2 flail of freezing
Armour
 a - a +0 robe (worn)
 D - a +2 hat (worn)
Wands
 f - a wand of polymorph (14/24)
 C - a wand of flame (19/48)
Scrolls
 d - a scroll of magic mapping
 h - 4 scrolls of remove curse
 m - 4 scrolls of teleportation
 n - a scroll of recharging {unknown}
 o - a scroll of immolation
 t - a scroll of enchant armour
 u - a scroll of noise
 x - a scroll of blinking
 y - a scroll of enchant weapon {unknown}
 z - 2 scrolls of fog
 A - a scroll of fear {unknown}
Potions
 c - 2 potions of mutation
 e - 4 potions of curing
 g - 4 potions of lignification
 k - 3 potions of flight
 p - a potion of ambrosia
 q - 2 potions of magic
 r - a potion of resistance
 s - a potion of berserk rage {unknown}
 v - 2 potions of might {unknown}
 B - 2 potions of heal wounds
 I - a potion of experience {unknown}
Books
 F - a book of Burglary

   Spells                             Type                      Level
   a - Swiftness                      Charms/Air                   2
   b - Passwall                       Transmutation/Earth          2
   c - Passage of Golubria            Translocation                4
   d - Lee's Rapid Deconstruction     Earth                        5
   e - Darkness                       Hexes                        6
   f - Invisibility                   Hexes                        6
Comestibles
 b - 4 bread rations
 i - 7 meat rations
 j - 7 fruits
 l - 3 beef jerkies
 H - 11 chunks of flesh


   Skills:
 + Level 9.8(14.8) Fighting
 - Level 2.4(7.4) Dodging
 - Level 1.1(6.1) Stealth
 - Level 10.0(15.0) Unarmed Combat


You had 9 spell levels left.
You didn't know any spells.

Dungeon Overview and Level Annotations

Branches:
Dungeon (8/15)             Temple (1/1) D:4            Lair (0/8) D:8

Altars:
Ashenzari
Cheibriados
Dithmenos
Elyvilon
Fedhas
Gozag
Kikubaaqudgha
Makhleb
Nemelex Xobeh
Okawaru
Pakellas
Qazlal
Ru
Trog
Vehumet
Xom
Yredelemnul
Zin
The Shining One

Shops:
D:4 (   D:6 *


Innate Abilities, Weirdness & Mutations

You are too large for most types of armour.
You have claws for hands.
Your metabolism is lightning-fast.
You like to eat raw meat.
You heal very quickly.
You are covered in fur (AC +1).
You have very tough skin (AC +2).


Message History

The troll is almost dead.
The troll bites you!
* * * LOW HITPOINT WARNING * * *
The troll claws you.
* * * LOW HITPOINT WARNING * * *
The troll claws you.
* * * LOW HITPOINT WARNING * * *
You gain the combat prowess of a mighty hero.
You feel slightly less full. The troll bites you but does no damage.
The troll claws you.
* * * LOW HITPOINT WARNING * * *
The troll claws you!
* * * LOW HITPOINT WARNING * * *
You barely miss the troll. Your claw misses the troll.
The troll is almost dead.
The troll misses you. The troll barely misses you. x2
You scratch the troll.
The troll is almost dead.
The troll bites you!!
You die...

.≈≈.;/≈≈≈≈≈..#.## #..# #
..≈...≈≈..≈≈.#..####..## #
.).............##...#>.#####
.............#......†..÷....
..#######.T.........#######.
############
#.....##....#.....##
...........# ###..).#..#..#
# ..#...#...### ##T#....#.##
# ............# #@####....#
# ..#...#...#.####.# ###.)#
# ..............#..# ##)##
## #############....#
#..######.
##...#######.........
#..#...##....###.[.# #.
##.####....#.## ###.#
#...###.## ##.###..# ##.
#......# ##.# ##.# #.


You could see a troll.

Vanquished Creatures
  The ghost of loralnil the Covered, a novice MiFi of Okawaru (D:7)
  The ghost of Turgon the Carver, a novice HEGl of Qazlal (D:8)
  Purgy (Sewer)
  2 sky beasts
  An orc warrior (D:7)
  2 phantoms
  2 ogres (D:4)
  3 wolves (D:8)
  2 centaurs
  2 giant frogs
  A gnoll sergeant (D:6)
  A scorpion (D:7)
  A water moccasin skeleton (D:7)
  10 wights (D:7)
  2 howler monkeys (D:8)
  2 crimson imps
  A quasit (D:8)
  2 centaur zombies
  6 hounds
  A jelly (D:5)
  14 orc wizards
  7 orc priests
  A giant frog skeleton (D:5)
  2 iguanas
  3 worker ants
  7 gnolls
  13 adders
  2 shadow imps
  2 adder skeletons
  6 worms
  A dart slug (D:2)
  4 giant geckos
  38 orcs
  3 giant cockroaches (D:5)
  5 goblins
  12 jackals
  4 quokkas
  4 bats
  A giant cockroach zombie (D:5)
  3 giant gecko skeletons
  8 giant newts
  2 jackal skeletons
  5 kobolds
  4 rats
195 creatures vanquished.

Notes
Turn   | Place    | Note
--------------------------------------------------------------
     0 | D:1      | HolyRage the Troll Monk began the quest for the Orb.
     0 | D:1      | Reached XP level 1. HP: 22/22 MP: 0/0
   113 | D:1      | Reached XP level 2. HP: 25/29 MP: 1/1
   452 | D:2      | Found a white marble altar of Elyvilon.
   485 | D:2      | Reached XP level 3. HP: 31/36 MP: 2/2
   492 | D:2      | Reached skill level 5 in Unarmed Combat
   619 | D:2      | Reached XP level 4. HP: 44/44 MP: 3/3
  1217 | D:3      | Reached skill level 6 in Unarmed Combat
  1285 | D:3      | Reached XP level 5. HP: 30/50 MP: 4/4
  1896 | D:4      | Reached skill level 7 in Unarmed Combat
  1900 | D:4      | Reached XP level 6. HP: 46/59 MP: 5/5
  1931 | D:4      | Found a bloodstained altar of Trog.
  2019 | D:4      | Found a staircase to the Ecumenical Temple.
  2050 | Temple   | Entered the Ecumenical Temple
  2139 | Temple   | Became a worshipper of Warmaster Okawaru
  2139 | Temple   | Reached * piety under Okawaru
  2139 | Temple   | Reached ** piety under Okawaru
  2280 | D:4      | Reached skill level 8 in Unarmed Combat
  2325 | D:4      | Found Kaecw's Weapon Emporium.
  2369 | D:4      | Reached XP level 7. HP: 63/66 MP: 6/6
  2613 | D:4      | Found an opulent altar of Gozag.
  2730 | D:4      | Found a sacrificial altar of Ru.
  2794 | D:4      | Reached skill level 9 in Unarmed Combat
  2872 | D:5      | Entered Level 5 of the Dungeon
  3398 | D:5      | Reached *** piety under Okawaru
  3466 | D:5      | Found a glowing drain.
  3499 | Sewer    | Entered a sewer
  3565 | Sewer    | Noticed Purgy
  3572 | Sewer    | Killed Purgy
  3572 | Sewer    | Reached skill level 10 in Unarmed Combat
  3572 | Sewer    | Reached XP level 8. HP: 73/74 MP: 7/7
  3916 | D:6      | Found a shimmering altar of Xom.
  3919 | D:6      | Found a snail-covered altar of Cheibriados.
  3921 | D:6      | Found a sacrificial altar of Ru.
  4373 | D:6      | Found Ycicke's General Store.
  4417 | D:6      | Bought 2 potions of lignification for 66 gold pieces
  4738 | D:7      | Noticed loralnil's ghost (novice MiFi)
  4749 | D:7      | Killed loralnil's ghost
  4758 | D:7      | Reached XP level 9. HP: 64/92 MP: 6/8
  4966 | D:7      | Reached **** piety under Okawaru
  5818 | D:8      | Noticed Turgon's ghost (novice HEGl)
  5858 | D:8      | Killed Turgon's ghost
  5912 | D:8      | Found a staircase to the Lair.
  6043 | D:8      | Reached XP level 10. HP: 94/109 MP: 9/9
  6081 | D:8      | Found a blossoming altar of Fedhas.
  6147 | D:8      | Mangled by a troll

Skill      XL: |  1  2  3  4  5  6  7  8  9 |
---------------+----------------------------+-----
Unarmed Combat | 5 6 7 8 10 | 10.0
Fighting       | 6 9 |  9.8
Dodging        | |  2.4
Stealth        | |  1.1

Action                   |  1- 3 |  4- 6 |  7- 9 | 10-12 || total
-------------------------+-------+-------+-------+-------++-------
Melee: Unarmed           |    51 |   125 |   315 |    25 ||   516
       Punch             |     1 |     1 |    18 |       ||    20
Invok: Heroism           |       |       |     9 |     1 ||    10
  Use: Scroll            |       |       |    17 |       ||    17
 Stab: Sleeping          |       |     1 |     2 |       ||     3
  Eat: Chunk             |    11 |    16 |    34 |     1 ||    62
Armor: Robe              |    15 |    22 |    60 |    13 ||   110
Dodge: Dodged            |    21 |    43 |   102 |    22 ||   188
